 Dungeon Crawl Stone Soup version 0.21-a0-450-gd87a9b2 (webtiles) character file.

133 slep the Slasher (level 5, 0/43 HPs)
             Began as a Barachi Monk on Nov 20, 2017.
             Slain by a hippogriff (8 damage)
             ... on level 3 of the Dungeon.
             The game lasted 00:08:54 (1682 turns).

slep the Slasher (Barachi Monk)                     Turns: 1682, Time: 00:08:54

Health: 0/43       AC: 11    Str: 13    XL:     5   Next: 16%
Magic:  5/5        EV: 10    Int: 10    God:
Gold:   129        SH:  3    Dex: 15    Spells: 4/4 levels left

rFire    . . .     SeeInvis .   a - +0 falchion
rCold    + . .     Gourm    .   u - +0 buckler {AC+3}
rNeg     . . .     Faith    .   i - +0 scale mail (curse)
rPois    .         Spirit   .   (no helmet)
rElec    .         Reflect  .   (no cloak)
rCorr    .         Harm     .   (no gloves)
MR       .....                  k - +1 pair of boots
Stlth    +.........             (no amulet)
HPRegen  0.14/turn              h - ring of protection from cold
MPRegen  0.09/turn              (no ring)

@: slow
A: +LOS, swims, slowness 1, strong legs 1
a: Hop


You were on level 3 of the Dungeon.
You were not hungry.

You visited 1 branch of the dungeon, and saw 3 of its levels.

You collected 129 gold pieces.

Inventory:

Hand Weapons
 a - a +0 falchion (weapon)
Armour
 b - a +0 robe
 d - a +0 ring mail
 i - a cursed +0 scale mail (worn)
 k - a +1 pair of boots (worn)
 u - a +0 buckler of protection (worn)
Jewellery
 h - a ring of protection from cold (left hand)
Scrolls
 e - 2 scrolls of fog {unknown}
 g - 2 scrolls of noise {unknown}
 o - 2 scrolls of teleportation {unknown}
 q - 3 scrolls of identify {unknown}
 r - a scroll of remove curse {unknown}
 s - 3 scrolls of enchant weapon {unknown}
 v - a scroll of fear {unknown}
 w - 2 scrolls of magic mapping {unknown}
Potions
 f - a potion of heal wounds
 j - a potion of flight {unknown}
 l - a potion of agility {unknown}
 m - a potion of experience {unknown}
 n - 2 potions of degeneration {unknown}
 p - a potion of mutation {unknown}
 t - a potion of might {unknown}
Comestibles
 c - 2 bread rations


   Skills:
 + Level 4.6 Fighting
 + Level 4.9 Long Blades
 + Level 2.3 Armour
 + Level 4.0 Dodging
 + Level 1.9 Stealth


You had 4 spell levels left.
You didn't know any spells.

Dungeon Overview and Level Annotations

Branches:
Dungeon (3/15)

Altars:
Gozag
Nemelex Xobeh
Ru


Innate Abilities, Weirdness & Mutations

Shadows flee at your approach. (+LOS)
You can swim through water.
You cover ground slowly.
You can hop short distances.


Message History

The hippogriff barely misses you.
You slash the hippogriff!
The hippogriff is almost dead.
The hippogriff bites you. The hippogriff pecks you. The hippogriff claws you.
You closely miss the hippogriff.
The hippogriff is almost dead.
The hippogriff barely misses you.
You riposte.
You barely miss the hippogriff.
The hippogriff is almost dead.
The hippogriff pecks you.
* * * LOW HITPOINT WARNING * * *
The hippogriff closely misses you.
You closely miss the hippogriff.
The hippogriff is almost dead.
The hippogriff closely misses you.
The hippogriff pecks you but does no damage.
The hippogriff barely misses you.
You hit the hippogriff.
The hippogriff is almost dead.
The hippogriff bites you!
You die...

...........# #.# ###.#........
...........# #.###.##.######.##
...........#####..........####.#
...........#.....#...###.......#
...######.................######
...# #.................# ...#
#....#.........#.<..# ...#
###..##..H.........># ...#
#.......@.......### ...#
#...........##..## ###
####........##...#
#.##.#...##...# #....#........#
######.#....#.# ######.#.###
#.....# #######


You could see a hippogriff.

Vanquished Creatures
  Terence (D:2)
  6 adders
  An ooze (D:1)
  A worm (D:2)
  A dart slug (D:1)
  2 leopard geckos
  6 bats
  2 giant cockroaches
  3 goblins (D:1)
  8 hobgoblins
  2 quokkas (D:2)
  3 frilled lizards (D:1)
  3 kobolds
  8 rats
47 creatures vanquished.

Notes
Turn   | Place    | Note
-------+----------+-------------------------------------------
     0 | D:1      | slep the Barachi Monk began the quest for the Orb.
     0 | D:1      | Reached XP level 1. HP: 18/18 MP: 1/1
    96 | D:1      | Reached XP level 2. HP: 25/25 MP: 2/2
   286 | D:1      | Reached XP level 3. HP: 26/30 MP: 3/3
   647 | D:2      | Reached skill level 1 in Armour
   672 | D:2      | Reached XP level 4. HP: 18/38 MP: 4/4
   826 | D:2      | Noticed Terence
   849 | D:2      | Killed Terence
  1402 | D:2      | Found an opulent altar of Gozag.
  1402 | D:2      | Found a sparkling altar of Nemelex Xobeh.
  1467 | D:3      | Noticed a hippogriff
  1474 | D:3      | Found a sacrificial altar of Ru.
  1503 | D:2      | Reached XP level 5. HP: 34/43 MP: 5/5
  1682 | D:3      | Slain by a hippogriff

Vault maps used:
D:1:      sevenhm_arrival_forest_fort_small_1, fountainhead
D:2:      grunt_temple_overflow_opulence, uniq_terence
D:3:      serial_glass, glass_columns_b, glass_columns_b,
          nicolae_ru_sacrificial_ziggurat

Skill      XL: |  1  2  3  4  5 |
---------------+----------------+-----
Long Blades    | 4 |  4.9
Fighting       | 4 |  4.6
Armour         | 1 2 |  2.3
Dodging        | 4 |  4.0
Stealth        | |  1.9

Action                   |  1- 3 |  4- 6 || total
-------------------------+-------+-------++-------
Melee: Falchion          |    92 |   121 ||   213
  Use: Potion            |       |     1 ||     1
  Eat: Chunk             |       |     4 ||     4
Armor: Ring mail         |    10 |       ||    10
       Scale mail        |    32 |    59 ||    91
Dodge: Dodged            |    55 |    82 ||   137
Block: Buckler           |       |     6 ||     6
       Rpst.: Falchion   |    18 |    14 ||    32

Table legend:
 A = Spawn XP
 B = Non-spawn XP
 C = Spawn XP percentage of total XP
 D = Spawn monster count
 E = Non-spawn monster count
 F = Spawn count percentage of total count
 G = Total turns spent on level
                    A         B        C        D         E        F      G
               +---------+---------+-------+---------+---------+-------+---------
         Total |       0 |     191 |   0.0 |       0 |      47 |   0.0 |  1682
               +---------+---------+-------+---------+---------+-------+---------
           D:1 |       0 |      42 |   0.0 |       0 |      22 |   0.0 |   524
           D:2 |       0 |     133 |   0.0 |       0 |      22 |   0.0 |   973
           D:3 |       0 |      16 |   0.0 |       0 |       3 |   0.0 |   185
               +---------+---------+-------+---------+---------+-------+---------
